 Dungeon Crawl Stone Soup version 0.18.1-50-g88ac8fd (webtiles) character file.

1825 Skwishie the Cleaver (level 9, -2/55 HPs)
             Began as a Gargoyle Fighter on Sept 22, 2016.
             Was a Believer of Okawaru.
             Slain by Skwishie's ghost (5 damage)
             ... on level 6 of the Dungeon.
             The game lasted 00:31:03 (6425 turns).

Skwishie the Cleaver (Gargoyle Fighter)             Turns: 6425, Time: 00:31:04

Health: -2/55      AC: 18    Str: 20    XL:     9   Next: 11%
Magic:  10/10      EV:  9    Int: 12    God:    Okawaru [**....]
Gold:   292        SH:  2    Dex: 13    Spells: 0 memorised, 8 levels left

rFire  . . .     SeeInvis .     a - +0 war axe
rCold  . . .     Gourm    .     b - +0 scale mail
rNeg   + . .     Faith    .     (no shield)
rPois  ∞         Spirit   .     x - +0 helmet
rElec  +         Dismiss  .     v - +0 cloak
rCorr  .         Reflect  +     C - +0 pair of gloves
SustAt .         Harm     .     B - +0 pair of boots
MR     +....                    h - +2 amulet of reflection
Stlth  ..........               o - ring of protection from magic
                                l - +4 ring of dexterity

@: somewhat resistant to hostile enchantments, extremely unstealthy
A: negative energy resistance 1, electricity resistance, unbreathing,
petrification resistance, rot immunity, AC +5
a: Heroism, Renounce Religion


You were on level 6 of the Dungeon.
You worshipped Okawaru.
Okawaru was pleased with you.
You were not hungry.

You visited 1 branch of the dungeon, and saw 6 of its levels.

You collected 292 gold pieces.

Inventory:

Hand Weapons
 a - a +0 war axe (weapon)
Missiles
 y - 4 tomahawks (quivered)
Armour
 b - a +0 scale mail (worn)
 c - a +0 shield
 v - a +0 cloak (worn)
 x - a +0 helmet (worn)
 B - a +0 pair of boots (worn)
 C - a +0 pair of gloves (worn)
Jewellery
 h - a +2 amulet of reflection (around neck)
 l - a +4 ring of dexterity (left hand)
 o - a ring of protection from magic (right hand)
Wands
 F - a wand of slowing (0/48)
Scrolls
 e - a scroll of enchant weapon {unknown}
 i - 2 scrolls of immolation {unknown}
 k - 2 scrolls of random uselessness {unknown}
 n - a scroll of amnesia
 q - a scroll of teleportation
 r - a scroll of recharging {unknown}
 t - a scroll of fog
 A - a scroll of vulnerability {unknown}
 D - 4 scrolls of remove curse
 I - a scroll of fear
Potions
 g - 2 potions of agility
 m - 3 potions of heal wounds
 p - 2 potions of cure mutation {unknown}
 s - 3 potions of curing {unknown}
 u - a potion of ambrosia
 w - 2 potions of mutation {unknown}
 z - a potion of cancellation {unknown}
Books
 d - a book of Dreams

   Spells                             Type                      Level
   a - Ensorcelled Hibernation        Hexes/Ice                    2
   b - Silence                        Hexes/Air                    5
   c - Darkness                       Hexes                        6
   d - Shadow Creatures               Summoning                    6
Comestibles
 f - 8 bread rations
 j - a beef jerky
 E - 2 fruits


   Skills:
 + Level 5.7 Fighting
 * Level 8.9 Axes
 + Level 5.8 Armour
 - Level 3.2 Shields
 + Level 1.6 Invocations


You had 8 spell levels left.
You didn't know any spells.

Dungeon Overview and Level Annotations

Branches:
Dungeon (6/15)
 Temple: D:4-7

Altars:
Cheibriados
Elyvilon
Fedhas
Okawaru
Pakellas
Qazlal
Yredelemnul
Zin

Annotations:
D:4 tyranidshit's ghost, novice DDFi
D:6 Skwishie's ghost, novice GrFi


Innate Abilities, Weirdness & Mutations

You are resistant to torment.
Your stone body is resilient (AC +5).
You are immune to poison.
You resist negative energy.
You are resistant to electric shocks.
You can survive without breathing.
You are immune to petrification.
You are immune to rotting.


Message History

Skwishie's ghost is almost destroyed.
Skwishie's ghost hits you but does no damage.
You barely miss Skwishie's ghost.
Skwishie's ghost is almost destroyed.
Skwishie's ghost hits you but does no damage.
You hit Skwishie's ghost but do no damage.
Skwishie's ghost is almost destroyed.
Skwishie's ghost hits you.
* * * LOW HITPOINT WARNING * * *
You barely miss Skwishie's ghost.
Skwishie's ghost is almost destroyed.
Skwishie's ghost hits you.
* * * LOW HITPOINT WARNING * * *
You hit Skwishie's ghost but do no damage.
Skwishie's ghost is almost destroyed.
Skwishie's ghost closely misses you.
You hit Skwishie's ghost.
Skwishie's ghost is almost destroyed.
Skwishie's ghost hits you.
You die...

#.##.##.##.....#.#.
#.##.##.##.....#.#.
#.##..#.##..#..#.#.
#.###.#........#..#
#.###.#..#.....#...
#........###.#.#...
##.....#.##.(#.##.#
#<#...#.##.##.##.#
#@...##.##.##.##.#
##W....#.......##.#
##########........##.##.##.#
######......##..........#.##.##.#
.....#.####.....................#
.....#.####.##.......#..##.#.####
.....#.##.......#....#.......#
.....#.#.............#####.###
............##.##.##.# ##.##


You could see Skwishie's ghost.

Vanquished Creatures
  Grinder (D:3)
  Prince Ribbit (D:4)
  Sigmund (D:6)
  Edmund (D:4)
  Duvessa (D:5)
  4 ogres
  A giant frog (D:6)
  Dowan (D:5)
  A crimson imp (D:5)
  A jelly (D:6)
  A hound (D:5)
  3 iguanas
  Natasha (thrice) (D:3)
  Terence (D:2)
  An orc wizard (D:3)
  2 worker ants (D:5)
  A hound skeleton (D:5)
  A worker ant zombie (D:6)
  12 adders
  An ooze (D:5)
  An adder zombie (D:6)
  5 worms
  2 dart slugs (D:3)
  2 giant geckos (D:1)
  9 orcs
  A ball python (D:1)
  4 bats
  6 giant cockroaches
  5 goblins
  13 hobgoblins
  2 jackals (D:3)
  3 quokkas
  7 giant newts
  A jackal zombie (D:5)
  9 kobolds
  8 rats
117 creatures vanquished.

Notes
Turn   | Place    | Note
--------------------------------------------------------------
     0 | D:1      | Skwishie the Gargoyle Fighter began the quest for the Orb.
     0 | D:1      | Reached XP level 1. HP: 14/14 MP: 1/1
    85 | D:1      | Reached skill level 2 in Axes
   228 | D:1      | Reached XP level 2. HP: 16/19 MP: 2/2
   677 | D:2      | Reached skill level 3 in Axes
   736 | D:2      | Reached XP level 3. HP: 23/23 MP: 3/3
  1039 | D:2      | Reached XP level 4. HP: 24/28 MP: 4/4
  1081 | D:2      | Found a blossoming altar of Fedhas.
  1086 | D:2      | Found a basalt altar of Yredelemnul.
  1089 | D:2      | Found a white marble altar of Elyvilon.
  1280 | D:2      | Noticed Terence
  1306 | D:2      | Killed Terence
  1306 | D:2      | Reached skill level 4 in Axes
  1639 | D:3      | Noticed Grinder
  1663 | D:3      | Reached XP level 5. HP: 30/32 MP: 5/5
  1686 | D:3      | Paralysed by Grinder for 6 turns
  1702 | D:3      | Killed Grinder
  1702 | D:3      | Reached skill level 6 in Axes
  1702 | D:3      | Reached XP level 6. HP: 14/37 MP: 6/6
  1978 | D:3      | Noticed Natasha
  1986 | D:3      | Killed Natasha
  2073 | D:3      | Noticed Natasha
  2084 | D:3      | Killed Natasha
  2157 | D:3      | Noticed Natasha
  2166 | D:3      | Killed Natasha
  2166 | D:3      | Reached XP level 7. HP: 11/41 MP: 7/7
  2548 | D:3      | Found an iron altar of Okawaru.
  2589 | D:3      | Became a worshipper of Warmaster Okawaru
  2681 | D:4      | Noticed tyranidshit's ghost (novice DDFi)
  2844 | D:4      | Reached skill level 7 in Axes
  3282 | D:4      | Found a stormy altar of Qazlal.
  3511 | D:5      | Entered Level 5 of the Dungeon
  3518 | D:5      | Noticed Dowan
  3526 | D:5      | Noticed Duvessa
  3683 | D:5      | Noticed Prince Ribbit
  3745 | D:5      | Noticed Edmund
  3774 | D:4      | Killed Edmund
  4130 | D:4      | Killed Prince Ribbit
  4130 | D:4      | Reached * piety under Okawaru
  4130 | D:4      | Reached XP level 8. HP: 45/48 MP: 8/8
  4224 | D:5      | Found an oddly glowing altar of Pakellas.
  4307 | D:5      | Killed Dowan
  4307 | D:5      | Reached skill level 8 in Axes
  4538 | D:5      | Killed Duvessa
  4538 | D:5      | Reached skill level 5 in Fighting
  4538 | D:5      | Reached skill level 5 in Armour
  4796 | D:6      | Reached ** piety under Okawaru
  5253 | D:6      | Found a snail-covered altar of Cheibriados.
  5296 | D:6      | Found a glowing silver altar of Zin.
  5428 | D:6      | Noticed Sigmund
  5472 | D:6      | Killed Sigmund
  5472 | D:6      | Reached skill level 1 in Invocations
  5472 | D:6      | Reached XP level 9. HP: 27/54 MP: 9/9
  5652 | D:6      | Noticed Skwishie's ghost (novice GrFi)
  6425 | D:6      | Slain by Skwishie's ghost

Skill      XL: |  1  2  3  4  5  6  7  8 |
---------------+-------------------------+-----
Axes           | 2 3 4 6 7 8 |  8.9
Fighting       | 4 5 |  5.7
Armour         | 4 5 |  5.8
Invocations    | 1 |  1.6
Shields        | |  3.2

Action                   |  1- 3 |  4- 6 |  7- 9 || total
-------------------------+-------+-------+-------++-------
Melee: War axe           |   105 |   176 |   379 ||   660
Throw: Tomahawk          |       |       |     7 ||     7
       Throwing net      |       |       |     1 ||     1
Evoke: Wand              |       |       |     7 ||     7
  Use: Scroll            |       |       |    10 ||    10
       Potion            |       |       |     6 ||     6
 Stab: Fleeing           |       |       |     1 ||     1
       Invisible         |       |       |     3 ||     3
  Eat: Chunk             |       |     5 |    12 ||    17
       Pizza             |       |       |     1 ||     1
Armor: Scale mail        |    19 |       |   201 ||   220
       Chain mail        |    54 |   154 |    12 ||   220
Dodge: Dodged            |    46 |    58 |   166 ||   270
Block: Other             |       |       |    14 ||    14
